 Dungeon Crawl Stone Soup version 0.23.2-40-g277498a001 (webtiles) character file.

Game seed: 6360412246135575441

14140 H0rd4k the Eclecticist (level 11, -1/56 HPs)
             Began as a Deep Elf Wizard on Sept 30, 2019.
             Was a High Priest of Sif Muna.
             Hit by a large rock thrown by a cyclops (38 damage)
             ... on level 11 of the Dungeon.
             The game lasted 00:58:15 (18063 turns).

H0rd4k the Eclecticist (Deep Elf Wizard)           Turns: 18063, Time: 00:58:15

Health: -1/56      AC:  5    Str:  8    XL:     11   Next: 84%
Magic:  21/33      EV: 18    Int: 30    God:    Sif Muna [*****.]
Gold:   813        SH:  4    Dex: 13    Spells: 27/43 levels left

rFire    + . .     SeeInvis .   q - +9 war axe "Wuptoxt" {chop, rElec Str+4 Int+3}
rCold    + . .     Gourm    .   (no shield)
rNeg     . . .     Faith    .   a - +0 robe
rPois    .         Spirit   .   p - +2 helmet
rElec    +         Reflect  +   t - scarf {rC+ rF+}
rCorr    .         Harm     .   (no gloves)
MR       +....                  (no boots)
Stlth    ++++......             y - +4 amulet of reflection
HPRegen  0.18/turn              o - ring of stealth
MPRegen  0.23/turn              w - +3 ring of evasion

@: no status effects
A: no striking features
a: Divine Energy, Channel Magic, Forget Spell, Renounce Religion


You were on level 11 of the Dungeon.
You worshipped Sif Muna.
Sif Muna was extremely pleased with you.
You were not hungry.

You visited 2 branches of the dungeon, and saw 12 of its levels.

You collected 813 gold pieces.

Inventory:

Hand Weapons
 q - the +9 war axe "Wuptoxt" (weapon) {chop, rElec Str+4 Int+3}
   (You found it on level 11 of the Dungeon)

   It inflicts extra damage upon your enemies.
   It affects your strength (+4).
   It affects your intelligence (+3).
   It insulates you from electricity.
 r - a +2 quarterstaff of protection
 u - a +1 long sword of holy wrath
 B - a +0 rapier of venom
Missiles
 l - a throwing net (quivered)
Armour
 a - a +0 robe (worn)
 b - a +0 hat
 p - a +2 helmet (worn)
 t - a scarf of resistance (worn)
 I - a +0 hat
Jewellery
 o - a ring of stealth (left hand)
 w - a +3 ring of evasion (right hand)
 y - a +4 amulet of reflection (around neck)
 z - an uncursed amulet of guardian spirit
Wands
 C - a wand of scattershot (6)
 D - a wand of random effects (7)
 E - a wand of digging (10)
Scrolls
 c - a scroll of enchant armour
 g - 2 scrolls of amnesia
 h - a scroll of blinking
 i - 4 scrolls of enchant weapon
 j - 3 scrolls of fog
 m - 3 scrolls of identify
 n - 7 scrolls of teleportation
 s - 7 scrolls of noise
 v - a scroll of immolation
 x - a scroll of magic mapping
 F - a scroll of remove curse
Potions
 e - 6 potions of curing
 f - 4 potions of haste
 k - a potion of ambrosia
 A - a potion of lignification
 G - 3 potions of heal wounds
 H - a potion of invisibility
Comestibles
 d - 16 rations


   Skills:
 - Level 1.5 Fighting
 - Level 1.0 Axes
 + Level 6.0 Dodging
 + Level 4.8 Stealth
 + Level 16.6 Spellcasting
 + Level 12.0 Conjurations
 + Level 3.5 Hexes
   Level 1.1 Summonings
 + Level 3.0 Translocations
 + Level 4.4 Fire Magic


You had 27 spell levels left.
You knew the following spells:

 Your Spells              Type           Power        Failure   Level  Hunger
a - Magic Dart            Conj           ####         0%          1    None
b - Blink                 Tloc           N/A          1%          2    None
c - Conjure Flame         Conj/Fire      ######..     1%          3    None
d - Force Lance           Conj/Tloc      ######..     1%          4    None
e - Fulminant Prism       Conj/Hex       ######....   1%          4    None
f - Shroud of Golubria    Chrm/Tloc      ####......   1%          2    None

Your spell library contained the following spells:

 Spells                   Type           Power        Failure   Level  Hunger
 Infusion                 Chrm           ###.         1%          1    None
 Call Imp                 Summ           ####....     1%          2    None
 Searing Ray              Conj           ######       1%          2    None
 Slow                     Hex            #####...     1%          2    None
 Dazzling Spray           Conj/Hex       ######       1%          3    None
 Mephitic Cloud           Conj/Pois/Air  #####...     1%          3    None
 Iskenderun's Mystic Bla  Conj           #######.     1%          4    None
 Song of Slaying          Chrm           ###.....     2%          2    None
 Spectral Weapon          Hex/Chrm       #####...     2%          3    None
 Regeneration             Chrm/Necr      ###.......   5%          3    None


Dungeon Overview and Level Annotations

Branches:
Dungeon (11/15)            Temple (1/1) D:7            Lair (0/6) D:8
    Orc (0/2) D:10

Altars:
Ashenzari
Cheibriados
Dithmenos
Elyvilon
Fedhas
Gozag
Hepliaklqana
Kikubaaqudgha
Makhleb
Nemelex Xobeh
Okawaru
Qazlal
Ru
Sif Muna
Trog
Uskayaw
Vehumet
Wu Jian
Xom
Yredelemnul
Zin
The Shining One

Shops:
D:9 ?

Annotations:
D:8 exclusions: centaur and downstairs
D:9 exclusions: centaur and 1 more exclusion, Erolcha, Psyche
D:10 exclusion: downstairs
D:11 exclusions: cyclops and eye of draining


Message History

Casting: Fulminant Prism (safe; 1% risk of failure)
Confirm with . or Enter, or press ? or * to list all spells.
Aiming: Fulminant Prism (safe; 1% risk of failure)
Press: ? - help, Dir - move target cursor You conjure a prism of explosive energy!
Your fulminant prism crackles loudly.
Really walk into a travel-excluded area?
Okay, then.
Unknown command.
Your fulminant prism explodes!
The cyclops throws a large rock.
The large rock hits you!!
You see here a large rock.
Casting: Fulminant Prism (safe; 1% risk of failure)
Confirm with . or Enter, or press ? or * to list all spells.
Aiming: Fulminant Prism (safe; 1% risk of failure)
Press: ? - help, Dir - move target cursor You conjure a prism of explosive energy!
The cyclops throws a large rock.
The large rock hits you!!!
Ouch! That really hurt!
You die...

#....##'#####'#####..##........##
#....#....'....#......#........#.
#..G.'....#....#......#........#.
#...C###'#####'##.....'........#.
.........C.(....#.....#........#.
............*...#รท#####........#.
.........................#######.
.........................#.......
...###########'#@........#.......
...#....#......#....<....#.......
.. #....'......#.....<...#.......
. ###..####..##.........###.####
#######'####'##......#'#####.##.#
..........[...#......#..........'
..............').....#..........#
..............#......#..........#
..............#......#......[...#


You could see a cyclops and a friendly fulminant prism.

Vanquished Creatures
  3 two-headed ogres
  A cyclops (D:10)
  A troll (D:9)
  Grinder (D:3)
  A hornet (D:11)
  4 hippogriffs
  A shadow (D:11)
  A wyvern (D:10)
  A spriggan (D:8)
  7 yaks (D:11)
  5 hungry ghosts
  Menkaure (D:7)
  An ice beast (D:8)
  2 orc warriors
  4 phantoms
  4 sky beasts
  A hornet zombie (D:11)
  A black bear (D:9)
  4 ogres
  12 centaurs
  A big kobold (D:9)
  7 bullfrogs
  A gnoll sergeant (D:9)
  2 wyvern skeletons
  2 scorpions
  13 killer bees
  9 wights
  3 howler monkeys
  8 crimson imps
  2 quasits
  6 centaur zombies
  5 orc priests
  6 hounds
  2 bullfrog skeletons
  3 centaur skeletons
  A gnoll shaman (D:8)
  5 iguanas
  12 orc wizards
  9 worker ants
  A killer bee zombie (D:5)
  6 ogre zombies (D:10)
  2 hound skeletons
  A worker ant zombie (D:10)
  A howler monkey zombie (D:8)
  12 gnolls
  2 howler monkey skeletons
  16 adders
  3 shadow imps
  An ooze (D:4)
  An adder skeleton (D:5)
  5 worms
  2 dart slugs (D:3)
  7 leopard geckos
  42 orcs
  4 giant cockroaches
  5 goblins
  3 hobgoblins
  19 jackals
  8 kobolds
  3 quokkas
  2 ball pythons
  6 bats
  3 frilled lizards
  A goblin skeleton (D:10)
  A goblin zombie (D:10)
  A hobgoblin zombie (D:10)
  2 orc skeletons (D:10)
  14 orc zombies (D:10)
  A quokka skeleton (D:6)
  9 rats
337 creatures vanquished.

Vanquished Creatures (others)
  An orc wizard (D:5)
  23 fulminant prisms
24 creatures vanquished.

Grand Total: 361 creatures vanquished

Notes
Turn   | Place    | Note
-------+----------+-------------------------------------------
     0 | D:1      | H0rd4k the Deep Elf Wizard began the quest for the Orb.
     0 | D:1      | Reached XP level 1. HP: 10/10 MP: 7/7
   153 | D:1      | Reached skill level 5 in Spellcasting
   154 | D:1      | Reached XP level 2. HP: 15/15 MP: 6/10
   658 | D:2      | Reached XP level 3. HP: 19/19 MP: 9/12
   662 | D:2      | Learned a level 2 spell: Blink
   666 | D:2      | Learned a level 3 spell: Conjure Flame
   950 | D:2      | Found a hide-covered altar of Uskayaw.
  1393 | D:2      | Reached skill level 6 in Spellcasting
  2013 | D:2      | Reached XP level 4. HP: 18/24 MP: 0/14
  2351 | D:4      | Noticed a phantom
  2544 | D:4      | Killed a phantom
  2544 | D:4      | Reached XP level 5. HP: 28/28 MP: 0/16
  2694 | D:4      | Reached skill level 7 in Spellcasting
  2800 | D:4      | Noticed a sky beast
  2991 | D:3      | Noticed Grinder
  3224 | D:4      | Reached XP level 6. HP: 27/32 MP: 11/18
  3547 | D:4      | Reached skill level 8 in Spellcasting
  3852 | D:5      | Entered Level 5 of the Dungeon
  4247 | D:5      | Reached skill level 1 in Fire Magic
  4247 | D:5      | Reached XP level 7. HP: 36/36 MP: 12/21
  4249 | D:5      | Reached skill level 9 in Spellcasting
  5479 | D:6      | Reached skill level 10 in Spellcasting
  5479 | D:6      | Reached XP level 8. HP: 42/42 MP: 18/24
  5506 | D:6      | Reached skill level 5 in Conjurations
  6311 | D:7      | Found a deep blue altar of Sif Muna.
  6321 | D:7      | Became a worshipper of Sif Muna the Loreminder
  6350 | D:7      | Noticed a two-headed ogre
  6725 | D:7      | Reached skill level 11 in Spellcasting
  7190 | D:8      | Found a staircase to the Lair.
  7405 | D:8      | Reached * piety under Sif Muna
  7465 | D:8      | Reached XP level 9. HP: 30/46 MP: 9/26
  7866 | D:9      | Noticed Psyche
  8158 | D:9      | Noticed a two-headed ogre
  8183 | D:9      | Killed a two-headed ogre
  8183 | D:9      | Reached ** piety under Sif Muna
  8183 | D:9      | Reached skill level 12 in Spellcasting
  8583 | D:8      | Reached skill level 13 in Spellcasting
  9223 | D:9      | Noticed Erolcha
  9236 | D:9      | Noticed a troll
  9260 | D:9      | Killed a troll
  9272 | D:9      | Reached XP level 10. HP: 38/51 MP: 2/29
  9444 | D:9      | Reached *** piety under Sif Muna
  9722 | D:10     | Entered Level 10 of the Dungeon
 10076 | D:10     | Found a staircase to the Orcish Mines.
 10158 | D:10     | Reached skill level 5 in Dodging
 10464 | D:10     | Reached skill level 14 in Spellcasting
 10537 | D:10     | Noticed a cyclops
 10981 | D:9      | Found Ofik's Magic Scroll Boutique.
 11103 | D:9      | Reached skill level 10 in Conjurations
 11759 | D:10     | Reached **** piety under Sif Muna
 12161 | D:11     | Noticed a cyclops
 12183 | D:11     | Noticed a two-headed ogre
 13204 | D:7      | Killed a two-headed ogre
 13204 | D:7      | Reached skill level 1 in Fighting
 13310 | D:7      | Found a glowing silver altar of Zin.
 13554 | D:5      | Reached skill level 15 in Spellcasting
 13584 | D:5      | Reached XP level 11. HP: 56/56 MP: 23/32
 13643 | D:5      | Learned a level 4 spell: Force Lance
 13648 | D:5      | Learned a level 4 spell: Fulminant Prism
 14068 | D:3      | Paralysed by Grinder for 4 turns
 14085 | D:3      | Paralysed by Grinder for 4 turns
 14095 | D:3      | Killed Grinder
 14095 | D:3      | Reached skill level 1 in Hexes
 14284 | D:3      | Found a white marble altar of Elyvilon.
 14336 | D:3      | Found a basalt altar of Yredelemnul.
 14584 | D:3      | Found a hazy altar of Hepliaklqana.
 14585 | D:3      | Found a shimmering altar of Xom.
 14934 | D:7      | Found a staircase to the Ecumenical Temple.
 14937 | Temple   | Entered the Ecumenical Temple
 15176 | D:7      | Noticed Menkaure
 15721 | D:7      | Killed Menkaure
 16289 | D:10     | Reached ***** piety under Sif Muna
 16443 | D:10     | Received a gift from Sif Muna
 16448 | D:10     | Learned a level 2 spell: Shroud of Golubria
 16500 | D:11     | Reached skill level 16 in Spellcasting
 16914 | D:11     | Got an encrusted war axe
 16915 | D:11     | Identified the +9 war axe "Wuptoxt" {chop, rElec Str+4
                  | Int+3} (You found it on level 11 of the Dungeon)
 17895 | D:11     | Reached skill level 1 in Axes
 17982 | D:11     | Killed a two-headed ogre
 18063 | D:11     | Hit by a large rock thrown by a cyclops

Skill      XL: |  1  2  3  4  5  6  7  8  9 10 11 |
---------------+----------------------------------+-----
Spellcasting   | 5 6 7 8 10 11 13 15 16 | 16.6
Conjurations   | 2 3 4 7 9 11 12 | 12.0
Dodging        | 3 4 5 6 |  6.0
Stealth        | 3 4 |  4.8
Fire Magic     | 1 2 3 4 |  4.4
Translocations | 2 3 |  3.0
Fighting       | 1 |  1.5
Hexes          | 3 |  3.5
Axes           | 1 |  1.0
Summonings     | |  1.1

Action                   |  1- 3 |  4- 6 |  7- 9 | 10-12 || total
-------------------------+-------+-------+-------+-------++-------
Melee: Quarterstaff      |       |     2 |       |       ||     2
       War axe           |       |       |       |     4 ||     4
 Cast: Magic Dart        |   113 |   159 |   521 |   733 ||  1526
       Blink             |     5 |       |     7 |    10 ||    22
       Conjure Flame     |     3 |    11 |    30 |    78 ||   122
       Fulminant Prism   |       |       |       |    24 ||    24
       Force Lance       |       |       |       |     4 ||     4
Evoke: Wand              |       |       |       |     1 ||     1
  Use: Scroll            |     5 |       |    10 |     5 ||    20
       Potion            |       |       |       |     3 ||     3
  Eat: Chunk             |     3 |     7 |    11 |    21 ||    42
       Ration            |       |       |     1 |     2 ||     3
Armor: Robe              |     3 |     7 |    14 |    14 ||    38
Dodge: Dodged            |    18 |    15 |    79 |   166 ||   278
Block: Other             |       |       |    13 |    33 ||    46
       Reflection        |       |       |       |     7 ||     7
